Map: Prion Terraces

Players

Huntor

  • Race: Zerg Zerg
  • League: Master

MCanning - Winner!

  • Race: Protoss Protoss
  • League: Grandmaster

VOD

http://www.twitch.tv/mcanning/v/30690643

Description

Time

  • Played on: Dec. 19, 2015, 4:15 a.m.
  • Length: 16:38
Show
View Real Time Build Order
Export as new Build Order

Huntor Zerg 

Build Orders: 3 Hatch before Pool, Lurkers 

Get SALT Encoding   

  12  0:01  Drone  
  13  0:12  Overlord  
  13  0:17  Drone  
  14  0:30  Drone x2  
  14  0:35  Drone  
  17  0:52  Hatchery  
  17  0:57  Drone  
  17  1:15  Hatchery  
  16  1:21  Drone  
  17  1:31  Spawning Pool  
  16  1:35  Extractor  
  16  1:37  Drone  
  17  1:40  Drone  
  17  1:44  Drone  
  18  1:47  Drone  
  19  2:01  Overlord  
  19  2:09  Drone x2  
  21  2:25  Zergling x4  
  21  2:27  Queen  
  25  2:34  Drone x3  
  28  2:41  Metabolic Boost  
  28  2:47  Drone x3  
  28  2:50  Drone  
  33  2:51  Drone  
  33  2:57  Drone  
  33  2:58  Drone  
  35  3:03  Drone x2  
  35  3:04  Queen  
  39  3:08  Overlord  
  39  3:12  Drone  
  40  3:14  Queen  
  40  3:19  Overlord  
  41  3:29  Drone x3  
  41  3:32  Drone x2  
  46  3:37  Drone x3  
  46  3:39  Overlord  
  49  3:42  Queen  
  49  3:43  Drone  
  49  3:44  Drone  
  53  3:54  Hatchery  
  53  3:55  Drone x2, Overlord  
  54  4:04  Extractor  
  54  4:05  Roach Warren, Extractor  
  54  4:07  Drone x5  
  56  4:10  Drone x2  
  57  4:17  Zergling x2  
  57  4:20  Overlord  
  57  4:21  Drone x3  
  57  4:24  Overlord  
  61  4:25  Lair  
  61  4:29  Drone x3, Extractor  
  63  4:33  Drone, Overlord x2  
  64  4:41  Drone  
  64  4:43  Extractor  
  64  4:44  Drone x4, Extractor  
  64  4:45  Overlord  
  67  4:57  Zergling x2  
  67  4:58  Drone x6  
  67  4:59  Drone  
  75  5:10  Overlord  
  75  5:16  Drone  
  75  5:17  Drone x4, Overlord  
  75  5:19  Drone x2  
  75  5:20  Overlord  
  82  5:21  Drone  
  82  5:22  Evolution Chamber  
  82  5:27  Roach  
  83  5:31  Overlord  
  83  5:35  Drone, Hydralisk Den  
  83  5:36  Glial Reconstitution  
  83  5:38  Roach  
  83  5:39  Roach x8  
  101  5:49  Overseer  
  101  5:50  Zerg Missile Weapons Level 1  
  101  5:52  Overlord  
  101  5:53  Roach  
  101  5:54  Roach x5  
  113  5:58  Queen  
  113  5:59  Overlord  
  113  6:00  Extractor  
  113  6:01  Extractor  
  113  6:03  Drone  
  113  6:04  Drone x5  
  116  6:05  Hatchery  
  116  6:06  Lurker Den  
  116  6:10  Overlord  
  118  6:15  Hydralisk x2  
  118  6:16  Hydralisk x3  
  128  6:26  Hydralisk x2  
  128  6:27  Hydralisk x2  
  128  6:32  Drone x7  
  143  6:33  Overlord  
  143  6:35  Overlord  
  143  6:38  Spine Crawler  
  143  6:39  Drone  
  143  6:50  Hydralisk x6  
  143  6:53  Overlord  
  155  7:03  Hydralisk x5  
  163  7:11  Overlord  
  163  7:12  Hydralisk x6  
  163  7:13  Hydralisk x2  
  163  7:14  Overlord  
  179  7:23  Overseer  
  179  7:33  Lurker x5  
  179  7:34  Lurker  
  185  7:40  Roach x5  
  178  7:56  Lurker  
  178  7:57  Lurker x5  
  174  8:03  Hatchery  
  174  8:04  Spine Crawler, Overseer  
  172  8:07  Overseer  
  172  8:09  Overseer  
  172  8:13  Infestation Pit, Roach x2  
  172  8:14  Roach x5  
  133  8:37  Roach x12  
  133  8:38  Roach x3  
  148  8:43  Roach x3  
  148  8:44  Roach x4  
  148  8:47  Muscular Augments  
  162  8:50  Zergling x16  
  162  8:51  Overseer, Zergling x4  
  162  8:53  Drone x2  
  162  8:54  Queen  
  162  8:55  Queen  
  178  9:07  Pneumatized Carapace  
  178  9:11  Drone x6  
  178  9:14  Hydralisk x2  
  188  9:18  Lurker x3  
  188  9:22  Drone x4  
  188  9:23  Overlord x2  
  195  9:25  Hive  
  195  9:31  Zerg Missile Weapons Level 2  
  195  9:37  Evolution Chamber, Overlord  
  182  10:19  Roach  
  182  10:20  Roach x16  
  194  10:35  Overseer  
  192  10:42  Lurker x2  
  191  10:44  Roach x3  
  191  10:45  Roach x2  
  197  10:50  Ultralisk Cavern  
  198  10:57  Roach x3  
  182  11:20  Extractor  
  182  11:21  Roach x6  
  182  11:22  Hatchery, Roach x3  
  182  11:25  Extractor  
  193  11:27  Lurker  
  193  11:30  Hydralisk x4  
  200  11:33  Overlord  
  200  11:38  Chitinous Plating  
  200  11:40  Zerg Ground Armor Level 1  
  200  11:44  Spine Crawler  
  199  11:47  Spine Crawler  
  170  11:56  Roach  
  170  11:57  Roach x9  
  181  12:07  Hydralisk x6  
  181  12:08  Hydralisk x4  
  192  12:09  Ultralisk  
  195  12:15  Lurker  
  195  12:18  Lurker  
  165  12:30  Ultralisk  
  165  12:33  Drone x4  
  165  12:34  Drone x3  
  170  12:42  Ultralisk  
  170  12:49  Ultralisk  
  128  13:07  Ultralisk x2  
  140  13:19  Pathogen Glands  
  134  13:23  Zergling x12  
  134  13:24  Zergling x2  
  140  13:33  Ultralisk x2  
  152  13:46  Adrenal Glands  
  152  13:49  Overseer  
  152  13:50  Roach  
  154  14:06  Hatchery  
  153  14:11  Ultralisk x2  
  153  14:12  Infestor  
  153  14:13  Infestor  
  157  14:32  Ultralisk x2  
  163  14:39  Ultralisk  
  163  14:43  Zergling x2  
  163  14:44  Zergling x4  
  127  14:57  Ultralisk  
  121  15:04  Drone x5  
  121  15:05  Drone x3  
  129  15:11  Infestor x2  
  132  15:31  Infestor x2  
  132  15:33  Ultralisk  
  130  15:52  Ultralisk  
  130  15:53  Ultralisk  
  130  15:55  Viper x2  
  146  16:02  Drone x3  
  147  16:31  Extractor  
  146  16:33  Extractor  
Show
View Real Time Build Order
Export as new Build Order

MCanning Protoss - Winner!

Build Orders: Nexus First 

Get SALT Encoding   

  12  0:01  Probe (Chrono Boost)  
  13  0:12  Probe (Chrono Boost)  
  14  0:20  Pylon  
  14  0:23  Probe (Chrono Boost)  
  15  0:38  Probe (Chrono Boost)  
  16  0:49  Probe (Chrono Boost)  
  17  0:59  Nexus  
  17  1:12  Probe (Chrono Boost), Gateway  
  18  1:23  Probe (Chrono Boost)  
  18  1:24  Assimilator  
  19  1:30  Assimilator  
  19  1:33  Probe (Chrono Boost)  
  20  1:44  Probe (Chrono Boost)  
  21  1:47  Pylon  
  21  1:54  Probe (Chrono Boost)  
  22  2:05  Probe (Chrono Boost)  
  22  2:06  Cybernetics Core  
  23  2:11  Zealot  
  23  2:13  Probe (Chrono Boost)  
  23  2:15  Probe (Chrono Boost)  
  27  2:23  Probe (Chrono Boost)  
  27  2:26  Probe (Chrono Boost)  
  29  2:34  Probe (Chrono Boost)  
  29  2:36  Probe (Chrono Boost)  
  31  2:43  Stalker (Chrono Boost)  
  33  2:45  Mothership Core (Chrono Boost), Warp Gate  
  33  2:47  Probe (Chrono Boost)  
  36  2:58  Probe (Chrono Boost)  
  37  3:04  Probe (Chrono Boost)  
  38  3:06  Gateway  
  38  3:08  Probe (Chrono Boost)  
  38  3:09  Pylon  
  39  3:13  Sentry  
  39  3:14  Probe (Chrono Boost)  
  39  3:19  Probe (Chrono Boost)  
  43  3:25  Probe (Chrono Boost)  
  44  3:28  Pylon  
  44  3:29  Probe (Chrono Boost)  
  45  3:35  Probe (Chrono Boost)  
  45  3:40  Nexus  
  46  3:48  Pylon  
  46  3:49  Probe (Chrono Boost)  
  46  3:51  Probe (Chrono Boost)  
  46  3:52  Sentry  
  50  3:59  Probe (Chrono Boost), Robotics Facility  
  50  4:02  Probe (Chrono Boost)  
  53  4:10  Probe (Chrono Boost)  
  53  4:11  Assimilator  
  53  4:12  Probe (Chrono Boost)  
  53  4:15  Assimilator  
  54  4:20  Probe (Chrono Boost)  
  54  4:23  Probe (Chrono Boost)  
  56  4:31  Probe (Chrono Boost), Pylon  
  57  4:33  Probe (Chrono Boost)  
  57  4:35  Forge  
  58  4:41  Probe (Chrono Boost)  
  58  4:43  Probe (Chrono Boost)  
  60  4:46  Observer (Chrono Boost)  
  60  4:50  Robotics Bay  
  61  4:52  Probe  
  61  4:53  Probe  
  61  4:57  Gateway  
  61  4:59  Gateway  
  62  5:02  Probe, Protoss Ground Weapons Level 1 (Chrono Boost), Gateway  
  62  5:03  Probe  
  62  5:04  Pylon  
  62  5:05  Probe  
  62  5:06  Observer (Chrono Boost)  
  66  5:14  Twilight Council, Probe  
  66  5:17  Probe  
  66  5:19  Probe, Pylon  
  69  5:25  Probe  
  70  5:29  Probe  
  70  5:32  Gateway  
  70  5:33  Gateway  
  71  5:45  Probe, Disruptor (Chrono Boost)  
  71  5:47  Stalker x2  
  79  5:52  Probe, Blink (Chrono Boost)  
  79  5:54  Gateway  
  79  5:55  Gateway  
  79  5:56  Assimilator  
  80  5:57  Pylon  
  80  5:58  Pylon  
  80  5:59  Assimilator  
  80  6:05  Pylon  
  80  6:09  Dark Shrine  
  80  6:15  Disruptor (Chrono Boost)  
  83  6:19  Stalker x2  
  83  6:20  Stalker x2  
  83  6:23  Probe  
  92  6:27  Probe  
  93  6:34  Probe  
  93  6:35  Photon Cannon  
  93  6:37  Photon Cannon  
  94  6:44  Disruptor  
  94  6:46  Stalker x4  
  105  6:55  Protoss Ground Weapons Level 2  
  105  7:00  Stalker x2  
  105  7:01  Stalker  
  109  7:13  Pylon  
  109  7:14  Pylon  
  109  7:15  Zealot  
  109  7:17  Stalker x3  
  109  7:22  Dark Templar  
  119  7:29  Dark Templar  
  121  7:33  Probe  
  122  7:37  Stalker x3  
  122  7:41  Probe  
  122  7:43  Probe  
  130  7:45  Nexus  
  130  7:46  Pylon  
  130  7:47  Probe  
  130  7:49  Pylon  
  129  7:55  Stalker x2  
  129  7:56  Stalker x3  
  139  7:58  Disruptor  
  139  8:01  Stalker, Pylon  
  144  8:08  Photon Cannon  
  144  8:10  Photon Cannon  
  140  8:22  Probe  
  140  8:23  Probe  
  140  8:25  Probe  
  134  8:31  Stalker  
  134  8:32  Stalker x6  
  148  8:37  Probe  
  131  8:42  Observer  
  131  8:45  Probe  
  130  8:51  Stalker x2  
  134  8:57  Photon Cannon  
  134  8:58  Disruptor  
  134  8:59  Robotics Facility, Assimilator  
  134  9:00  Assimilator  
  134  9:03  Charge (Chrono Boost)  
  135  9:12  Dark Templar  
  135  9:14  Zealot x3  
  135  9:15  Zealot  
  143  9:18  Zealot  
  143  9:21  Zealot  
  147  9:29  Disruptor  
  147  9:37  Stalker x6  
  162  9:48  Zealot x3  
  168  9:57  Probe  
  157  10:01  Stalker x4  
  157  10:02  Stalker  
  157  10:03  Disruptor  
  157  10:04  Probe  
  169  10:14  Disruptor (Chrono Boost)  
  169  10:16  Probe  
  144  10:34  Probe  
  145  10:37  Dark Templar x3  
  145  10:38  Protoss Ground Weapons Level 3 (Chrono Boost)  
  145  10:39  Disruptor (Chrono Boost)  
  152  10:43  Gateway  
  152  10:45  Gateway  
  152  10:47  Probe  
  152  10:48  Pylon  
  151  10:50  Disruptor (Chrono Boost)  
  151  10:52  Pylon  
  151  10:54  Zealot  
  154  11:00  Archon  
  154  11:01  Dark Templar, Nexus  
  154  11:02  Pylon  
  153  11:04  Zealot x2  
  153  11:05  Zealot, Pylon  
  153  11:07  Probe  
  153  11:11  Stalker x3  
  152  11:25  Observer (Chrono Boost)  
  146  11:26  Stalker x4, Observer (Chrono Boost)  
  146  11:28  Probe  
  151  11:44  Disruptor  
  150  11:53  Stalker x4, Disruptor  
  150  11:54  Stalker x2  
  149  12:10  Stalker  
  149  12:11  Stalker  
  153  12:20  Disruptor  
  153  12:22  Zealot  
  145  12:31  Probe, Disruptor  
  145  12:33  Stalker x4  
  149  12:42  Zealot  
  147  12:45  Zealot x2  
  147  12:49  Zealot  
  145  12:56  Disruptor  
  145  12:57  Probe  
  145  12:58  Probe  
  148  13:08  Observer  
  148  13:11  Pylon  
  149  13:14  Cybernetics Core  
  143  13:27  Immortal (Chrono Boost)  
  143  13:30  Dark Templar x2  
  143  13:32  Immortal (Chrono Boost)  
  155  13:45  Protoss Ground Armor Level 1  
  155  13:48  Assimilator  
  155  13:50  Assimilator  
  155  13:52  Mothership Core  
  155  13:56  Dark Templar  
  155  14:01  Dark Templar  
  157  14:04  Immortal (Chrono Boost)  
  157  14:08  Immortal (Chrono Boost), Archon  
  157  14:09  Zealot x5  
  173  14:12  Probe  
  173  14:16  Dark Templar  
  174  14:30  Probe  
  168  14:32  Dark Templar x3  
  172  14:38  Immortal (Chrono Boost)  
  172  14:43  Probe  
  143  14:56  Disruptor (Chrono Boost)  
  146  15:10  Dark Templar x2  
  146  15:12  Disruptor (Chrono Boost)  
  146  15:13  Zealot x3  
  146  15:14  Zealot  
  161  15:15  Archon x2  
  161  15:18  Stalker  
  163  15:28  Stalker  
  163  15:30  Nexus  
  163  15:32  Pylon  
  163  15:33  Pylon  
  163  15:34  Zealot  
  165  15:41  Probe  
  166  15:46  Probe  
  161  15:53  Probe  
  161  15:54  Dark Templar x5  
  161  15:56  Zealot x3  
  178  15:58  Probe  
  178  15:59  Archon  
  178  16:00  Archon  
  178  16:02  Photon Cannon  
  179  16:05  Probe  
Tags
 
Add a new tag
Caveats
  • Supply blocks, unpowered buildings, or Contaminate may cause inaccurate times.
  • Supply counts are checked every 10 seconds.